 Dungeon Crawl Stone Soup version 0.31-a0-1626-g5cb510d322 (webtiles) character file.

Game seed: 16147295447232736048

470 tilp the Vexing (level 6, -5/46 HPs)
             Began as a Vampire Enchanter on Jan 12, 2024.
             Slain by Edmund
             ... wielding a +1 flail of holy wrath
              (7 damage)
             ... on level 5 of the Dungeon.
             The game lasted 00:05:31 (4162 turns).

tilp the Vexing (Vampire Enchanter)                 Turns: 4162, Time: 00:05:32

Health: -5/46      AC:  4    Str:  9    XL:     6   Next: 82%
Magic:  0/10       EV: 12    Int: 20    God:
Gold:   48         SH:  0    Dex: 14    Spells: 2/10 levels left

rFire   . . .        a - +3 dagger (chaos)
rCold   . . .        (no shield)
rNeg    . . .        r - +0 leather armour of a sewer {Str+2 SInv Stlth+}
rPois   +            (no helmet)
rElec   .            (no cloak)
rCorr   .            o - +0 pair of gloves
SInv    +            (no boots)
Will    .....        (no amulet)
Stlth   ++++         l - ring of poison resistance
HPRegen 0.47/turn    n - ring of wizardry
MPRegen 0.12/turn

%: wizardry (x1)
@: healing quickly
A: alive, fangs 3, see invisible, vampiric 2
a: Exsanguinate


You were on level 5 of the Dungeon.
You visited 1 branch of the dungeon, and saw 5 of its levels.

You collected 223 gold pieces.
You spent 175 gold pieces at shops.

Inventory:

Hand Weapons
 a - a +3 dagger of chaos (weapon)
 b - a +1 dagger
Missiles
 d - 4 poisoned darts (quivered)
 m - a throwing net
 q - 3 atropa-tipped darts
Armour
 o - a +0 pair of gloves (worn)
 r - the +0 leather armour of a sewer (worn) {Str+2 SInv Stlth+}
   (You bought it in a shop on level 2 of the Dungeon)

   Str+2:     It affects your strength (+2).
   SInv:      It lets you see invisible.
   Stlth+:    It makes you more stealthy.
Jewellery
 l - a ring of poison resistance (left hand)
 n - a ring of wizardry (right hand)
Scrolls
 j - a scroll of enchant weapon
 k - a scroll of teleportation
Potions
 c - a potion of invisibility
 e - 3 potions of attraction
 f - 2 potions of berserk rage
 g - 3 potions of lignification
 h - 4 potions of heal wounds
 i - 2 potions of brilliance


   Skills:
 * Level 2.4 Fighting
 + Level 2.7(3.4) Short Blades
 * Level 2.7(3.2) Long Blades
 + Level 1.1 Throwing
 + Level 3.2 Dodging
 + Level 5.4 Stealth
 + Level 2.7 Spellcasting
 + Level 5.4 Hexes
 + Level 1.7 Ice Magic


You had 2 spell levels left.
You knew the following spells:

 Your Spells              Type           Power      Damage    Failure   Level
a - Ensorcelled Hibernat  Hex/Ice        34%        N/A       2%          2
b - Confusing Touch       Hex            24%        N/A       2%          3
c - Tukima's Dance        Hex            24%        N/A       2%          3

Your spell library contained the following spells:

 Spells                   Type           Power      Damage    Failure   Level
 Sandblast                Erth           4%         2d4       9%          1
 Dazzling Flash           Conj/Hex       26%        N/A       9%          3
 Passwall                 Erth           2%         N/A       24%         3
 Stone Arrow              Conj/Erth      4%         3d7       24%         3
 Brom's Barrelling Bould  Conj/Erth      2%         2d3       58%         4


Dungeon Overview and Level Annotations

Branches:
Dungeon (5/15)
 Temple: D:4-7

Altars:
Qazlal
Vehumet

Shops:
D:2 [

Portals:
Abyss: D:3

Annotations:
D:3 2 transporters, TobyConnect's ghost, weakling TrMo
D:5 Edmund


Innate Abilities, Weirdness & Mutations

Your natural rate of healing is accelerated.
You have razor-sharp teeth.
You have supernaturally acute eyesight. (SInv)
You are afflicted with vampirism and can become a bat while bloodless.


Message History

Edmund resists with some effort.
Edmund hits you with a +1 flail of holy wrath!
You convulse!
You hit Edmund but do no damage. Lightning courses through Edmund!
Edmund is heavily wounded.
You hit Edmund.
Edmund is heavily wounded.
Edmund hits you with a +1 flail of holy wrath.
You convulse.
You hit Edmund. Lightning courses through Edmund!
Edmund is almost dead.
Edmund barely misses you.
You barely miss Edmund.
Edmund is almost dead.
Edmund closely misses you.
You hit Edmund but do no damage.
Edmund is almost dead.
Edmund hits you with a +1 flail of holy wrath.
You convulse.
* * * LOW HITPOINT WARNING * * *
You hit Edmund.
Edmund is almost dead.
Edmund barely misses you.
You closely miss Edmund. Your bite misses Edmund.
Edmund is almost dead.
You hit Edmund.
Edmund is almost dead.
Edmund hits you with a +1 flail of holy wrath!
* * * LOW HITPOINT WARNING * * *
You convulse!
* * * LOW HITPOINT WARNING * * *
Casting: Ensorcelled Hibernation (safe; 2% risk of failure)
Confirm with . or Enter, or press ? or * to list all spells.
Aiming: Ensorcelled Hibernation (safe; 2% risk of failure)
Press: ? - help, Shift-Dir - straight line, f/p - Edmund
Aim: Edmund, wielding a +1 flail of holy wrath and wearing a +0 leather armour of fire resistance (almost dead, chance to affect: 50%) Edmund resists with some effort.
Edmund hits you with a +1 flail of holy wrath!
You die...
Edmund says, "I'd like to see a scythe do that!"

#
........†.##.#..#.#
#.#.######..#.#....#
#.#.# #..#....... #
#.# #..#.†.# #.#
#.>....# #.#
#..#.#.# .....#.# #
#.###.#@# .. #.#@#
## #.#.# #.#.# #.#.#
#.# #)# #.. ###


You could see Edmund.

Vanquished Creatures
  A black bear (D:5)
  A phantom (D:5)
  A scorpion (D:5)
  A jelly (D:4)
  An iguana (D:4)
  Jessica (D:2)
  4 gnolls (D:2)
  4 adders
  3 ribbon worms
  5 orcs (D:3)
  8 bats
  5 endoplasms
  6 goblins
  10 hobgoblins
  5 jackals
  3 quokkas
  9 ball pythons
  4 frilled lizards
  7 kobolds
  3 rats
82 creatures vanquished.

Notes
Turn   | Place    | Note
-------+----------+-------------------------------------------
     0 | D:1      | tilp the Vampire Enchanter began the quest for the Orb.
     0 | D:1      | Reached XP level 1. HP: 13/13 MP: 3/3
    16 | D:1      | Found a faded altar of an unknown god.
   296 | D:1      | Reached XP level 2. HP: 20/20 MP: 5/5
   339 | D:1      | Learned a level 2 spell: Ensorcelled Hibernation
   452 | D:1      | Reached skill level 1 in Long Blades
   888 | D:2      | Found Veugryfo's Antique Armour Boutique.
   950 | D:2      | Gained mutation: You are afflicted with vampirism and can
                  | become a bat while bloodless. [Vampire growth]
   950 | D:2      | Reached XP level 3. HP: 25/25 MP: 6/6
   959 | D:2      | Learned a level 3 spell: Confusing Touch
  1074 | D:2      | Reached skill level 1 in Fighting
  1441 | D:2      | Reached XP level 4. HP: 32/32 MP: 7/7
  1498 | D:2      | Noticed Jessica
  1507 | D:2      | Killed Jessica
  1838 | D:2      | Reached skill level 1 in Ice Magic
  2241 | D:3      | Reached XP level 5. HP: 4/38 MP: 0/8
  2602 | D:3      | Reached skill level 5 in Hexes
  2677 | D:3      | Found a radiant altar of Vehumet.
  2737 | D:3      | Found a transporter.
  2759 | D:3      | Found a transporter.
  3064 | D:3      | Found a one-way gate to the infinite horrors of the Abyss.
  3064 | D:3      | Noticed TobyConnect's ghost (weakling TrMo)
  3093 | D:3      | Found a stormy altar of Qazlal.
  3273 | D:2      | Bought a dazzling leather armour for 175 gold pieces
  3273 | D:2      | Identified the +0 leather armour of a sewer {Str+2 SInv
                  | Stlth+} (You bought it in a shop on level 2 of the Dungeon)
  3433 | D:4      | Reached skill level 5 in Stealth
  3480 | D:4      | Learned a level 3 spell: Tukima's Dance
  4074 | D:5      | Entered Level 5 of the Dungeon
  4088 | D:5      | Reached skill level 1 in Throwing
  4088 | D:5      | Reached XP level 6. HP: 44/44 MP: 4/9
  4135 | D:5      | Noticed Edmund
  4161 | D:5      | HP: 2/46 [Edmund/+1 flail of holy wrath (8)]
  4162 | D:5      | Slain by Edmund

Illustrated notes

Levels and vault maps discovered:
D:1:      pf_arrival_petrified_forest, layout_loops_ring,
          shapermc_ecumenical_altar_gd
D:2:      minmay_chambers_of_twos, layout_loops_ring, serial_shops,
          nicolae_shop_tiny_glass, uniq_jessica
D:3:      layout_loops_ring, nicolae_qazlal_eye_of_the_storm,
          mainiacjoe_overflow_alcove_1, serial_forest, infiniplex_forest_pool,
          infiniplex_forest_clump_double, infiniplex_forest_clump_double,
          infiniplex_forest_lined_room_2, infiniplex_forest_lined_corner,
          infiniplex_forest_corner_2, infiniplex_forest_straight_4,
          infiniplex_forest_straight_2, gammafunk_ghost_abyssal_escape
D:4:      layout_basic
D:5:      layout_basic, hangedman_minor_gate_pass, uniq_edmund

Skill      XL: |  1  2  3  4  5 |
---------------+----------------+-----
Long Blades    | 1 2 |  2.7
Fighting       | 1 2 |  2.4
Ice Magic      | 1 |  1.7
Short Blades   | 2 |  2.7
Hexes          | 5 |  5.4
Stealth        | 5 |  5.4
Throwing       | 1 |  1.1
Dodging        | 3 |  3.2
Spellcasting   | |  2.7

Action                     |  1- 3 |  4- 6 || total
---------------------------+-------+-------++-------
  Melee: Dagger            |   123 |   113 ||   236
         Bite              |    13 |     7 ||    20
         Punch             |       |     3 ||     3
   Cast: Ensorcelled Hiber |    11 |    26 ||    37
         Confusing Touch   |     1 |     1 ||     2
    Use: Scroll            |     3 |     8 ||    11
         Potion            |       |     2 ||     2
   Stab: Sleeping          |    21 |    23 ||    44
         Invisible         |       |     1 ||     1
         Confused          |       |     1 ||     1
 Armour: Robe              |    69 |    51 ||   120
         Leather armour    |       |    11 ||    11
  Dodge: Dodged            |    73 |    67 ||   140

Table legend: (Time is in decaauts)
 A = Elapsed time spent in this place.
 B = Non-inter-level travel time spent in this place.
 C = Inter-level travel time spent in this place.
 D = Time resting spent in this place.
 E = Time spent auto-exploring this place.
 F = Levels seen in this place.
 G = Mean time per level.
                   A        B        C        D        E       F      G
               +--------+--------+--------+--------+--------+-----+--------+
         Total |   4151 |   3891 |    260 |    242 |   2887 |   5 |  830.2 |
       Dungeon |   4151 |   3891 |    260 |    242 |   2887 |   5 |  830.2 |
               +--------+--------+--------+--------+--------+-----+--------+

Top non-repeatable levels by time:
     D:2: 1699 daAuts
     D:3: 856 daAuts
     D:1: 819 daAuts
     D:4: 691 daAuts
     D:5: 84 daAuts
